 Dungeon Crawl Stone Soup version 0.31.0-32-g396128a36d (webtiles) character file.

Game seed: 11328392003701500654

274278 newgorp the Markshuman (level 20, -9/154 HPs)
             Began as a Human Hedge Wizard on Apr 18, 2024.
             Was a High Priest of Sif Muna.
             Mangled by a sphinx simulacrum (34 damage)
             ... led by a necromancer
             ... on level 1 of the Depths on Apr 23, 2024.
             The game lasted 11:27:20 (102256 turns).

newgorp the Markshuman (Human Hedge Wizard)       Turns: 102256, Time: 11:27:21

Health: -9/154     AC: 26    Str: 17 (20) XL:     20   Next: 31%
Magic:  38/38      EV: 15    Int: 18 (22) God:    Sif Muna [*****.]
Gold:   1370       SH:  0    Dex: 13 (14) Spells: 4/48 levels left

rFire   + + .        b - +6 longbow (freeze)
rCold   . . .        (shield currently unavailable)
rNeg    . . .        n - +3 leather armour {rF+}
rPois   .            B - +2 helmet {SInv}
rElec   .            t - +2 cloak {Will+}
rCorr   .            A - +2 pair of gloves {Str+3}
SInv    +            w - +5 pair of boots "Zoxorghu" {rF+ Will+ Regen+}
Will    +++..        N - amulet of the acrobat
Stlth   +++          g - +6 ring of strength
HPRegen 1.25/turn    T - +4 ring of protection
MPRegen 0.26/turn

%: acrobat
@: no status effects
A: explore regen, deterioration 1, teleportitis 1
}: 2/15 runes: serpentine, barnacled
a: Renounce Religion, Channel Magic, Forget Spell, Divine Exegesis


You were on level 1 of the Depths.
You worshipped Sif Muna.
Sif Muna was extremely pleased with you.
You visited 9 branches of the dungeon, and saw 36 of its levels.
You also visited: Ossuary and Bailey.

You collected 4328 gold pieces.
You spent 2958 gold pieces at shops.

Inventory:

Hand Weapons
 a - a +2 vampiric triple sword
 b - a +6 longbow of freezing (weapon)
 c - a +1 heavy halberd
 f - the +9 sling of Conflict {freeze, rPois Will+ Str+2}
   (You found it on level 1 of the Snake Pit)

   Str+2:     It affects your strength (+2).
   rPois:     It protects you from poison Will+: It increases your willpower.
 L - a +1 heavy great mace
 R - a +2 halberd of flaming
 S - the +4 morningstar of Aralusk {freeze, rC+ rN+ Dex+5 Stlth+}
   (You found it on level 8 of the Dungeon)

   Dex+5:     It affects your dexterity (+5).
   rC+:       It protects you from cold.
   rN+:       It protects you from negative energy.
   Stlth+:    It makes you more stealthy.
Missiles
 p - a curare-tipped dart
 O - 8 atropa-tipped darts
 V - 2 darts of dispersal
Armour
 n - a +3 leather armour of fire resistance (worn)
 o - a scarf of repulsion
 t - a +2 cloak of willpower (worn)
 w - the +5 pair of boots "Zoxorghu" (worn) {rF+ Will+ Regen+}
   (You acquired it on level 9 of the Dungeon)

   rF+:       It protects you from fire.
   Will+:     It increases your willpower.
   Regen+:    It increases your rate of health regeneration.
 A - a +2 pair of gloves of strength (worn)
 B - a +2 helmet of see invisible (worn)
 D - the +1 cloak of the Shining Light {rPois Will+ rCorr Str-4}
   (You found it on level 8 of the Dungeon)

   Str-4:     It affects your strength (-4).
   rPois:     It protects you from poison Will+: It increases your willpower.
   rCorr:     It protects you from acid and corrosion.
 U - a scarf of resistance
Jewellery
 g - a +6 ring of strength (left hand)
 v - the ring of Xom's Brutal Revenge {rN+ Will+ Int+6}
   (You found it on level 5 of the Lair of Beasts)

   [ring of intelligence]

   Int+6:     It affects your intelligence (+6).
   rN+:       It protects you from negative energy.
   Will+:     It increases your willpower.
 z - a ring of protection from fire
 C - a ring of magical power
 H - the ring of Virtue {rElec Str+3 Dex+6}
   (You took it off a deep elf elementalist on level 3 of the Elven Halls)

   [ring of dexterity]

   Str+3:     It affects your strength (+3).
   Dex+6:     It affects your dexterity (+6).
   rElec:     It insulates you from electricity.
 M - the ring of the Endless Expanse {Wiz rPois}
   (You took it off a deep elf demonologist on level 3 of the Elven Halls)

   [ring of wizardry]

   Wiz:       It improves your spell success rate.
   rPois:     It protects you from poison
 N - an amulet of the acrobat (around neck)
 T - a +4 ring of protection (right hand)
Wands
 d - a wand of mindburst (1)
 u - a wand of polymorph (16)
 J - a wand of digging (11)
 P - a wand of flame (35)
 Q - a wand of iceblast (3)
 W - a wand of paralysis (18)
 Y - a wand of light (2)
Scrolls
 h - a scroll of poison
 i - 2 scrolls of silence
 j - 12 scrolls of identify
 l - 3 scrolls of amnesia
 m - 6 scrolls of revelation
 q - a scroll of brand weapon
 x - 3 scrolls of summoning
 E - 4 scrolls of immolation
 I - 4 scrolls of teleportation
 Z - 2 scrolls of fog
Potions
 e - 4 potions of enlightenment
 k - a potion of haste
 F - 4 potions of curing
 G - a potion of magic
 K - a potion of ambrosia
 X - 3 potions of cancellation
Miscellaneous
 r - a lightning rod (2/4)
 s - a tin of tremorstones (1/2)
 y - a box of beasts (inert)


   Skills:
 + Level 12.4 Fighting
 + Level 1.5(5.5) Short Blades
 + Level 8.5(8.6) Long Blades
 + Level 2.5 Maces & Flails
 + Level 8.1 Polearms
 + Level 17.8 Ranged Weapons
 + Level 4.0 Throwing
 + Level 3.3 Armour
 + Level 8.8 Dodging
 + Level 6.4 Stealth
 + Level 14.6 Spellcasting
 + Level 11.0 Conjurations
 + Level 3.6 Hexes
 + Level 6.1 Summonings
 + Level 8.4 Translocations
 + Level 1.1 Ice Magic
 + Level 9.6 Air Magic
 + Level 3.0 Earth Magic
 + Level 6.2 Alchemy
 + Level 3.7 Evocations


You had 4 spell levels left.
You knew the following spells:

 Your Spells              Type           Power      Damage    Failure   Level
a - Magic Dart            Conj           100%       1d8       1%          1
b - Call Imp              Summ           70%        N/A       1%          2
c - Mephitic Cloud        Conj/Alch/Air  45%        N/A       1%          3
d - Blink                 Tloc           86%        N/A       1%          2
e - Slow                  Hex            100%       N/A       1%          1
f - Stone Arrow           Conj/Erth      76%        3d11      1%          3
g - Iskenderun's Mystic   Conj/Tloc      48%        2d11      1%          4
h - Arcjolt               Conj/Air       25%        1d35      2%          5
i - Summon Lightning Spi  Summ/Air       41%        N/A       2%          4
j - Airstrike             Air            23%        2d(4-20)  1%          4
k - Summon Forest         Summ/Tloc      19%        N/A       9%          5
l - Freezing Cloud        Conj/Ice/Air   19%        6-21      9%          5
m - Irradiate             Conj/Alch      22%        3d19      4%          5

Your spell library contained the following spells:

 Spells                   Type           Power      Damage    Failure   Level
 Foxfire                  Conj/Fire      100%       2x1d9     1%          1
 Sandblast                Erth           48%        2d12      1%          1
 Shock                    Conj/Air       100%       1d9       1%          1
 Sting                    Conj/Alch      100%       1d9       1%          1
 Summon Small Mammal      Summ           100%       N/A       1%          1
 Cigotuvi's Dreadful Rot  Necr/Alch/Air  64%        N/A       1%          2
 Mercury Vapours          Alch/Air       82%        N/A       1%          2
 Momentum Strike          Conj/Tloc      96%        3d10      1%          2
 Static Discharge         Conj/Air       100%       3-8/arc   1%          2
 Call Canine Familiar     Summ           35%        N/A       1%          3
 Hailstorm                Conj/Ice       35%        3d8       1%          3
 Swiftness                Air            47%        N/A       1%          3
 Fulminant Prism          Conj/Alch      22%        3d12      1%          4
 Passage of Golubria      Tloc           43%        N/A       1%          4
 Vhi's Electric Charge    Tloc/Air       90%        N/A       1%          4
 Ensorcelled Hibernation  Hex/Ice        42%        N/A       3%          2
 Tukima's Dance           Hex            26%        N/A       3%          3
 Brom's Barrelling Bould  Conj/Erth      38%        2d6       3%          4
 Passwall                 Erth           24%        N/A       4%          3
 Dimensional Bullseye     Hex/Tloc       17%        N/A       4%          4
 Olgreb's Toxic Radiance  Alch           35%        N/A       4%          4
 Necrotise                Necr           52%        1d6       6%          1
 Flame Wave               Conj/Fire      33%        2d10      6%          4
 Inner Flame              Hex/Fire       19%        N/A       9%          3
 Animate Armour           Summ/Erth      58%        N/A       9%          4
 Martyr's Knell           Necr/Summ      24%        N/A       16%         4
 Sticky Flame             Fire/Alch      24%        2d6       16%         4
 Summon Blazeheart Golem  Fire/Summ      24%        N/A       16%         4
 Dispel Undead            Necr           13%        3d9       50%         4
 Silence                  Hex/Air        18%        N/A       11%         5
 Alistair's Intoxication  Alch           23%        N/A       13%         5
 Conjure Ball Lightning   Conj/Air       25%        3x3d7     13%         6
 Yara's Violent Unravell  Hex/Alch       15%        3d8       22%         5
 Lee's Rapid Deconstruct  Erth           12%        3d8*      41%         5
 Orb of Destruction       Conj           26%        9d9       47%         7
 Eringya's Noxious Bog    Alch           17%        4d6       56%         6
 Borgnjor's Vile Clutch   Necr/Erth      9%         N/A       65%         5
 Plasma Beam              Fire/Air       15%        2x1d26    77%         6
 Spellforged Servitor     Conj/Summ      22%        N/A       82%         7
 Sculpt Simulacrum        Ice/Alch       13%        N/A       89%         6
 Malign Gateway           Summ/Tloc      19%        N/A       94%         7
 Summon Hydra             Summ           17%        N/A       98%         7
 Death Channel            Necr           6%         N/A       100%        6
 Haunt                    Necr/Summ      12%        N/A       100%        7
 Ozocubu's Refrigeration  Ice            8%         4d9       100%        7
 Borgnjor's Revivificati  Necr           6%         N/A       100%        8
 Discord                  Hex            13%        N/A       100%        8
 Disjunction              Tloc           21%        N/A       100%        8
 Infestation              Necr           6%         N/A       100%        8
 Maxwell's Capacitive Co  Air            23%        ∞         100%        8
 Polar Vortex             Ice            8%         12d1*     100%        9


Dungeon Overview and Level Annotations

Branches:
Dungeon (15/15)            Temple (1/1) D:5            Lair (5/5) D:11
 Shoals (4/4) Lair:2        Snake (4/4) Lair:3        Slime (1/5) Lair:4
    Orc (2/2) D:12            Elf (3/3) Orc:2        Vaults (0/5) D:14
 Depths (1/4) D:15        Ossuary (visited)          Bailey (visited)

Altars:
Ashenzari
Cheibriados
Dithmenos
Elyvilon
Fedhas
Gozag
Hepliaklqana
Kikubaaqudgha
Makhleb
Nemelex Xobeh
Okawaru
Qazlal
Ru
Sif Muna
Trog
Uskayaw
Vehumet
Wu Jian
Xom
Yredelemnul
Zin
The Shining One
Jiyva

Shops:
D:13 [   Orc:2 [(*=[   Elf:2 [[*[=   Elf:3 =?!   Shoals:1 (   Snake:4 *

Portals:
Hell: Depths:1
Abyss: Depths:1

Annotations:
Shoals:2 4 transporters, exclusion: orange crystal statue, Wjakstry's ghost, adept MiBe
Slime:1 exclusion: rockslime


Innate Abilities, Weirdness & Mutations

You regain HP and MP as you explore.
Your body sometimes deteriorates upon taking damage.
You are occasionally teleported next to monsters.


Message History

There is a staircase to the Depths here.
You start resting.
Magic restored.
You start waiting.
Done waiting.
Okay, then.
There is a stone staircase leading up here.
You climb upwards.
There is a stone staircase leading down here.
You see here a +0 mace.
Things that are here:
a +0 plate armour; a +0 great mace
There is a stone staircase leading up here.
There is a stone staircase leading down here.
You climb downwards.
There is a stone staircase leading up, spattered with blood here.
There is a stone staircase leading up here.
There is a staircase to the Depths here.
Okay, then.
You climb downwards.
Welcome back to the Depths!
The sphinx simulacrum hits you. The sphinx simulacrum freezes you!!
Your body deteriorates!
You feel clumsy. The sphinx simulacrum hits you.
The sphinx simulacrum freezes you!!!
The sphinx simulacrum completely misses you.
The frost giant skeleton hits you but does no damage.
A reaper comes into view.
The sphinx simulacrum hits you. The sphinx simulacrum freezes you!!!
* * * LOW HITPOINT WARNING * * *
Your body deteriorates!
You feel weakened.
The sphinx simulacrum hits you but does no damage.
The sphinx simulacrum closely misses you.
There is a staircase back to the Dungeon, spattered with blood here.
The frost giant skeleton barely misses you.
The storm dragon zombie bites you but does no damage.
The storm dragon zombie misses you.
The storm dragon zombie barely misses you.
The sphinx simulacrum hits you.
* * * LOW HITPOINT WARNING * * *
The sphinx simulacrum freezes you!!
You die...

.#.Z ..# .. .##..#
..#..#.## ##
#.#..#..#############.#
?#.#...#.....#.Z#Z.....#
#.#....#.....#..@......#
..#...#......#..Z......#
##..[.#.Z....#.....)...#
.....#..#...###..##...##
.....#.##...###2.######
....#...#.........#
##......#..$......#
..#.....+.........#
.....#####8#####.##


You could see a reaper, a sphinx simulacrum, a storm dragon zombie and a frost
giant skeleton.

Vanquished Creatures
  Jorgrun (D:13)
  3 deep elf blademasters (Elf:3)
  An acid blob (Lair:4)
  Ilsuiw (Shoals:2)
  Donald (Snake:1)
  Roxanne (Snake:2)
  Kirke (Lair:5)
  Aizul (Elf:3)
  2 rockslimes
  5 nagarajas (Snake:4)
  5 deep elf sorcerers
  6 deep elf elementalists
  A stone giant (D:15)
  7 deep elf death magi
  A deep elf annihilator (Elf:3)
  4 deep elf demonologists
  Snorg (D:9)
  8 merfolk impalers
  3 merfolk javelineers (Shoals:4)
  4 deep elf high priests (Elf:3)
  Fannar (Lair:2)
  8 hydras
  A catoblepas (Lair:2)
  A merfolk aquamancer (Shoals:4)
  4 ogre magi
  A salamander tyrant (Snake:3)
  5 vault guards (D:14)
  5 alligator snapping turtles
  9 anacondas
  4 boulder beetles
  5 centaur warriors
  2 merfolk avatars (Shoals:4)
  Erica (Lair:2)
  2 satyrs
  4 dancing weapons
  11 naga warriors
  6 naga sharpshooters
  17 two-headed ogres
  2 hell hogs (Lair:5)
  5 shock serpents
  9 deep elf knights
  3 orc high priests (Elf:1)
  Sonja (Lair:1)
  10 skysharks
  3 salamander mystics
  A kraken simulacrum (Shoals:4)
  2 deep trolls (Orc:2)
  5 naga ritualists
  An arcanist (D:15)
  9 mana vipers
  8 sea snakes
  A lindwurm (Lair:5)
  9 deep elf archers
  28 deep elf zephyrmancers
  15 harpies
  A necromancer (Depths:1)
  17 deep elf pyromancers
  An orc knight (D:15)
  6 fauns
  7 salamanders
  11 manticores
  4 ugly things
  5 cyclopes
  Maurice (D:7)
  3 orc sorcerers
  A cyclops (shapeshifter) (D:9)
  2 shining eyes
  A guardian serpent (Snake:4)
  3 meliai (D:14)
  5 elephants
  38 black mambas
  7 merfolk sirens
  Joseph (D:10)
  4 water nymphs
  A water nymph (shapeshifter) (Elf:2)
  A gargoyle (D:12)
  3 centaur skeletons (D:14)
  8 cane toads
  8 naga magi
  2 molten gargoyles (Lair:5)
  12 komodo dragons
  Maggie (D:7)
  A yaktaur (D:15)
  An anaconda simulacrum (Shoals:2)
  3 tengu conjurers
  A rime drake (Lair:5)
  Psyche (D:8)
  3 polar bears
  7 wind drakes
  18 merfolk
  A hornet (D:10)
  11 trolls
  A wolf spider simulacrum (D:13)
  Grinder (D:4)
  5 snapping turtles (Shoals:4)
  7 blink frogs
  A raiju (shapeshifter) (D:9)
  Sigmund (D:2)
  2 dream sheep (Shoals:4)
  5 centaur simulacra (D:13)
  2 air elementals (Elf:1)
  A jumping spider (shapeshifter) (D:9)
  10 water elementals
  50 yaks
  22 slime creatures
  6 humans (D:14)
  8 wyverns
  A vampire (D:10)
  2 fire elementals
  4 fire bats (D:9)
  2 golden eyes (Slime:1)
  11 basilisks
  3 hogs (Lair:5)
  11 vampire mosquitoes
  Grum (D:11)
  A warg (Orc:1)
  A steam dragon (D:8)
  Menkaure (Ossuary)
  A harpy simulacrum (Shoals:2)
  Edmund (D:4)
  5 acid dragons
  33 nagas
  5 hell hounds (Lair:5)
  5 water moccasins
  34 orc warriors
  3 sky beasts
  A spectral hornet (D:14)
  A black bear (Lair:1)
  7 ice beasts
  A black bear (shapeshifter) (D:9)
  23 wolves
  25 ogres
  16 centaurs
  2 kobold brigands (D:11)
  2 gnoll sergeants
  15 bullfrogs
  A scorpion (D:5)
  8 wights
  9 killer bees
  11 howler monkeys
  9 electric eels
  5 lava snakes (Lair:5)
  A hound (D:7)
  15 jellies
  Crazy Yiuf (D:6)
  A gnoll bouda (D:9)
  A sleepcap (D:6)
  13 orc priests
  2 iguanas
  A boggart zombie (D:14)
  33 orc wizards
  4 hell rats (Lair:3)
  2 mummies (Ossuary)
  Robin (D:4)
  20 gnolls
  4 adders
  A shadow imp (D:5)
  4 white imps
  2 ufetubi (D:13)
  2 dart slugs
  3 ribbon worms
  105 orcs
  6 ball pythons
  5 bats
  6 endoplasms
  24 goblins
  18 hobgoblins
  4 jackals (D:3)
  3 quokkas
  3 training dummies (Shoals:1)
  2 frilled lizards
  6 gnoll skeletons (Ossuary)
  4 gnoll zombies (Ossuary)
  3 goblin skeletons (Ossuary)
  3 goblin zombies (Ossuary)
  3 hobgoblin skeletons (Ossuary)
  3 hobgoblin zombies (Ossuary)
  19 kobolds
  3 kobold skeletons (Ossuary)
  A kobold zombie (Ossuary)
  2 orc skeletons (Ossuary)
  5 orc zombies (Ossuary)
  3 rats
  5 rat skeletons (Ossuary)
  3 rat zombies (Ossuary)
1190 creatures vanquished.

Vanquished Creatures (collateral kills)
  Vashnia (Snake:4)
  Norris (Elf:1)
  A nagaraja (Snake:2)
  A frost giant (Depths:1)
  A balrug (Depths:1)
  A deep elf elementalist (Elf:3)
  Louise (Shoals:2)
  A formless jellyfish (Shoals:4)
  A deep elf annihilator (Elf:3)
  5 deep elf demonologists
  The ghost of unlimited1921 the Thaumaturge, a journeyman GnFE of Fedhas (D:12)
  An alligator snapping turtle (Shoals:2)
  An anaconda (Snake:4)
  2 orc high priests (Elf:1)
  2 naga warriors (Snake:4)
  2 naga sharpshooters
  A deep elf knight (Elf:1)
  4 skysharks
  4 sea snakes
  A spriggan simulacrum (Shoals:2)
  2 naga ritualists (Snake:4)
  4 deep elf archers
  3 harpies (Shoals:4)
  5 deep elf pyromancers
  4 salamanders
  2 fauns (Shoals:3)
  A deep elf zephyrmancer (Elf:1)
  A cyclops (Shoals:4)
  3 manticores
  A naga mage (Snake:4)
  A merfolk siren (Shoals:2)
  2 black mambas (Snake:4)
  6 guardian serpents
  3 anaconda simulacra (Shoals:2)
  5 merfolk
  A wind drake (Shoals:2)
  7 snapping turtles
  A slime creature (Lair:4)
  A dire elephant simulacrum (Shoals:2)
  8 nagas
  3 orc warriors (D:12)
  A lindwurm simulacrum (Shoals:2)
  A mummy (Ossuary)
  An adder (D:2)
  A dart slug (D:1)
  3 orcs
  A giant cockroach (D:1)
  4 bats
  A gnoll skeleton (Ossuary)
  2 goblin zombies (Ossuary)
  A hobgoblin skeleton (Ossuary)
  2 kobolds (D:1)
  2 kobold zombies (Ossuary)
  A rat skeleton (Ossuary)
  2 rat zombies (Ossuary)
120 creatures vanquished.

Vanquished Creatures (others)
  A deep elf elementalist (Elf:3)
  A vault guard (D:14)
  A rime drake (Lair:4)
  An electric eel (Lair:2)
  An orc wizard (D:9)
  A snaplasher vine (Snake:4)
  19 tentacles (Shoals:2)
25 creatures vanquished.

Grand Total: 1335 creatures vanquished

Notes
Turn   | Place    | Note
-------+----------+-------------------------------------------
     0 | D:1      | newgorp the Human Hedge Wizard began the quest for the Orb.
     0 | D:1      | Reached XP level 1. HP: 13/13 MP: 4/4
   553 | D:1      | Reached XP level 2. HP: 12/19 MP: 4/6
   572 | D:1      | Learned a level 2 spell: Call Imp
   575 | D:1      | Learned a level 2 spell: Blink
   661 | D:1      | You fall into a shaft and drop 1 floor!
   665 | D:2      | Noticed Sigmund
  1239 | D:1      | Reached XP level 3. HP: 24/24 MP: 1/7
  1394 | D:1      | Learned a level 3 spell: Mephitic Cloud
  1421 | D:1      | Reached skill level 1 in Short Blades
  2358 | D:2      | Learned a level 1 spell: Slow
  2535 | D:2      | Reached XP level 4. HP: 31/31 MP: 4/9
  3300 | D:2      | Killed Sigmund
  3301 | D:2      | Reached skill level 1 in Fighting
  3301 | D:2      | Reached skill level 1 in Throwing
  3301 | D:2      | Reached XP level 5. HP: 32/37 MP: 3/11
  3301 | D:2      | Reached XP level 6. HP: 37/43 MP: 3/12
  4014 | D:3      | Identified the +2 ring mail of Tuab {-Tele Harm rC+++
                  | Slay-3}
  4726 | D:4      | Found a broken altar of Ashenzari.
  4755 | D:4      | Noticed Robin
  4770 | D:4      | Killed Robin
  4771 | D:4      | Reached skill level 1 in Polearms
  4864 | D:4      | Identified the +1 cloak of the Living Shishi {Int+3}
  4894 | D:4      | Found a sand-covered staircase.
  4903 | Ossuary  | Entered an ossuary
  6355 | Ossuary  | Noticed Menkaure
  6366 | Ossuary  | Killed Menkaure
  6367 | Ossuary  | Reached XP level 7. HP: 26/48 MP: 13/13
  7005 | D:4      | Noticed Edmund
  7019 | D:4      | Noticed Grinder
  7263 | D:4      | Killed Edmund
  7264 | D:4      | Reached skill level 1 in Air Magic
  7264 | D:4      | Reached skill level 1 in Alchemy
  7530 | D:4      | Found a sacrificial altar of Ru.
  7547 | D:4      | Found a snail-covered altar of Cheibriados.
  7746 | D:4      | Killed Grinder
  7747 | D:4      | Reached XP level 8. HP: 55/56 MP: 13/15
  7907 | D:5      | Entered Level 5 of the Dungeon
  7975 | D:5      | Found a staircase to the Ecumenical Temple.
  7982 | D:5      | Reached skill level 1 in Ranged Weapons
  7995 | Temple   | Entered the Ecumenical Temple
  8586 | D:5      | Reached skill level 2 in Ranged Weapons
  9465 | D:6      | Reached skill level 5 in Polearms
  9478 | D:6      | Reached XP level 9. HP: 16/64 MP: 16/16
  9863 | D:6      | Reached skill level 3 in Ranged Weapons
 10122 | D:6      | Found a runed translucent door.
 10123 | D:6      | Noticed Crazy Yiuf
 10257 | D:6      | Found a shimmering blue altar of Sif Muna.
 10456 | D:6      | Became a worshipper of Sif Muna the Loreminder
 11033 | D:7      | Noticed Maurice
 11060 | D:7      | Killed Maurice
 11061 | D:7      | Reached skill level 5 in Spellcasting
 11097 | D:7      | Found a burning altar of Makhleb.
 11359 | D:7      | Reached skill level 1 in Hexes
 12530 | D:7      | Noticed Maggie
 12546 | D:7      | Killed Maggie
 12547 | D:7      | Reached skill level 1 in Evocations
 13002 | D:7      | Reached XP level 10. HP: 73/73 MP: 16/18
 13118 | D:7      | Learned a level 3 spell: Tukima's Dance
 13123 | D:7      | Learned a level 4 spell: Iskenderun's Mystic Blast
 13135 | D:7      | Found a radiant altar of Vehumet.
 13465 | D:8      | Reached skill level 1 in Long Blades
 13469 | D:8      | Reached skill level 4 in Ranged Weapons
 13497 | D:8      | Identified the +1 cloak of the Shining Light {rPois Will+
                  | rCorr Str-4}
 13898 | D:8      | Identified the +4 morningstar of Aralusk {freeze, rC+ rN+
                  | Dex+5 Stlth+}
 14468 | D:8      | Noticed Psyche
 14479 | D:8      | Killed Psyche
 14690 | D:9      | Reached * piety under Sif Muna
 14698 | D:9      | Reached skill level 5 in Ranged Weapons
 14703 | D:9      | Reached skill level 5 in Stealth
 14728 | D:9      | Reached skill level 5 in Fighting
 14925 | D:9      | Found a flagged portal.
 14956 | Bailey   | Entered a bailey
 15270 | Bailey   | Reached XP level 11. HP: 54/79 MP: 17/19
 15272 | Bailey   | Reached ** piety under Sif Muna
 15669 | Bailey   | Reached skill level 6 in Ranged Weapons
 16619 | D:9      | Acquired the +5 pair of boots "Zoxorghu" {rF+ Will+ Regen+}
 16859 | D:9      | Noticed a deep elf pyromancer
 16859 | D:9      | Noticed a deep elf archer
 16877 | D:9      | Killed a deep elf archer
 16879 | D:9      | Noticed a deep elf archer
 16879 | D:9      | Noticed a deep elf pyromancer
 16910 | D:9      | Killed a deep elf archer
 16910 | D:9      | Killed a deep elf pyromancer
 16910 | D:9      | Reached *** piety under Sif Muna
 16911 | D:9      | Reached skill level 7 in Ranged Weapons
 17129 | D:9      | Killed a deep elf pyromancer
 17149 | D:9      | Noticed a harpy
 17149 | D:9      | Noticed a deep elf pyromancer
 17150 | D:9      | a harpy changed into a troll
 17153 | D:9      | a wolf changed into a cyclops
 17153 | D:9      | Noticed a cyclops (shapeshifter)
 17153 | D:9      | Noticed a harpy
 17156 | D:9      | a harpy changed into a black mamba
 17189 | D:9      | Killed a cyclops
 17192 | D:9      | Killed a deep elf pyromancer
 17497 | D:9      | Noticed a deep elf pyromancer
 17528 | D:9      | Killed a deep elf pyromancer
 18219 | D:9      | Reached XP level 12. HP: 89/89 MP: 21/21
 19389 | D:9      | Reached skill level 5 in Long Blades
 19745 | D:9      | Learned a level 5 spell: Arcjolt
 19823 | D:10     | Entered Level 10 of the Dungeon
 19823 | D:10     | Noticed Snorg
 19828 | D:10     | Noticed Joseph
 20124 | D:9      | Killed Snorg
 20125 | D:9      | Reached skill level 5 in Dodging
 20240 | D:9      | Reached skill level 8 in Ranged Weapons
 20290 | D:10     | Found a stormy altar of Qazlal.
 21250 | D:10     | Killed Joseph
 21525 | D:11     | Noticed Grum
 21558 | D:11     | Killed Grum
 21559 | D:11     | Reached skill level 5 in Conjurations
 21563 | D:11     | Reached **** piety under Sif Muna
 22244 | D:11     | Reached skill level 9 in Ranged Weapons
 22370 | D:11     | Found a staircase to the Lair.
 22838 | Lair:1   | Entered Level 1 of the Lair of Beasts
 22867 | Lair:1   | Noticed Sonja
 22875 | Lair:1   | Killed Sonja
 23181 | Lair:1   | Noticed a boulder beetle
 23230 | Lair:1   | Killed a boulder beetle
 23670 | Lair:1   | Reached XP level 13. HP: 89/96 MP: 19/23
 23686 | Lair:1   | Reached skill level 10 in Ranged Weapons
 24991 | Lair:1   | Learned a level 3 spell: Call Canine Familiar
 26311 | Lair:2   | Noticed Fannar
 26362 | Lair:2   | Killed Fannar
 26362 | Lair:2   | Reached ***** piety under Sif Muna
 27080 | Lair:2   | Noticed Harold
 27141 | Lair:2   | Harold changed into Harold the harpy
 27141 | Lair:2   | Noticed Harold
 27150 | Lair:2   | Killed Harold the harpy
 27566 | Lair:2   | Found a staircase to the Shoals.
 27620 | Lair:2   | Noticed Erica
 27641 | Lair:2   | Killed Erica
 28421 | Lair:3   | Reached skill level 1 in Maces & Flails
 28501 | Lair:3   | Found a staircase to the Snake Pit.
 28502 | Lair:3   | You fall into a shaft and drop 1 floor!
 28552 | Lair:4   | Found a staircase to the Slime Pits.
 30158 | Lair:3   | Reached skill level 11 in Ranged Weapons
 30789 | Lair:3   | Learned a level 4 spell: Airstrike
 31493 | D:6      | Killed Crazy Yiuf
 32063 | Lair:4   | Found a viscous altar of Jiyva.
 32472 | Lair:5   | Entered Level 5 of the Lair of Beasts
 32488 | Lair:5   | Reached XP level 14. HP: 102/105 MP: 14/26
 36379 | Lair:5   | Noticed Kirke
 36609 | Lair:5   | Reached skill level 5 in Air Magic
 37121 | Lair:5   | Noticed a sphinx
 37340 | Lair:5   | Noticed a sphinx
 38504 | Lair:5   | Killed Kirke
 39669 | Lair:5   | Found a large runed translucent door.
 39669 | Lair:5   | Found a large runed translucent door.
 39755 | Lair:5   | Reached skill level 12 in Ranged Weapons
 39982 | Lair:5   | Identified the ring of Xom's Brutal Revenge {rN+ Will+
                  | Int+6}
 40770 | D:12     | Found a gate leading to a gauntlet.
 41231 | D:12     | Found a staircase to the Orcish Mines.
 41739 | D:12     | Found a runed translucent gate.
 41739 | D:12     | Identified the +0 chain mail of Xeuhevux {Dex+5}
 41740 | D:12     | Found a runed translucent gate.
 41740 | D:12     | Noticed unlimited1921's ghost (journeyman GnFE)
 41741 | D:12     | Found a runed translucent gate.
 42366 | Orc:1    | Entered Level 1 of the Orcish Mines
 42733 | D:13     | Noticed Jorgrun
 42764 | D:13     | Received a gift from Sif Muna
 43313 | D:13     | Found a broken altar of Ashenzari.
 43929 | D:13     | Found Ceuta's Antique Armour Shoppe.
 44262 | D:13     | Reached XP level 15. HP: 113/113 MP: 8/28
 44291 | D:13     | Killed Jorgrun
 45491 | D:12     | Learned a level 5 spell: Summon Forest
 46088 | Orc:1    | Reached skill level 5 in Translocations
 46098 | Orc:1    | Received a gift from Sif Muna
 46099 | Orc:1    | Got Sif Muna's Volume of Baneful Ice {god gift}
 46185 | Orc:1    | Found a bloodstained altar of Trog.
 46671 | Orc:2    | Entered Level 2 of the Orcish Mines
 47678 | Orc:2    | Found Ulaupeli's Assorted Antiques.
 47678 | Orc:2    | Found Civodyij's Antique Armour Shop.
 48539 | Orc:2    | Reached skill level 13 in Ranged Weapons
 48556 | Orc:2    | Found Kafa's Antique Armour Boutique.
 48661 | Orc:2    | Received a gift from Sif Muna
 48694 | Orc:2    | Found a staircase to the Elven Halls.
 48703 | Orc:2    | Found Ycseddar's Jewellery Shoppe.
 48704 | Orc:2    | Found Erab's Antique Weapon Shoppe.
 49277 | Orc:2    | Bought a glowing helmet for 247 gold pieces
 49277 | Orc:2    | Bought a pair of gloves for 148 gold pieces
 49389 | Orc:2    | Reached skill level 10 in Spellcasting
 49648 | Orc:2    | Bought a scroll labelled ENNORA FOFYLI for 28 gold pieces
 49648 | Orc:2    | Bought a scroll of fear for 112 gold pieces
 49648 | Orc:2    | Bought 2 scrolls of teleportation for 168 gold pieces
 50484 | Elf:1    | Entered Level 1 of the Elven Halls
 50566 | Orc:2    | Bought an encrusted sling for 195 gold pieces
 50566 | Orc:2    | Identified the +7 sling "Raneg" {flame, +Blink} (You bought
                  | it in a shop on level 2 of the Orcish Mines)
 51549 | D:14     | Found an ornate altar of the Wu Jian Council.
 53608 | D:14     | Found a gate to the Vaults.
 53925 | D:14     | Reached XP level 16. HP: 41/121 MP: 3/30
 54048 | D:14     | Learned a level 3 spell: Stone Arrow
 54297 | Snake:1  | Entered Level 1 of the Snake Pit
 54509 | Snake:1  | Noticed Donald
 54986 | Snake:1  | Killed Donald
 55586 | Snake:1  | Identified the +9 sling of Conflict {freeze, rPois Will+
                  | Str+2}
 55812 | Snake:1  | Reached skill level 5 in Alchemy
 56829 | Snake:1  | Reached skill level 14 in Ranged Weapons
 57285 | Snake:1  | Received a gift from Sif Muna
 57292 | Snake:1  | Got Sif Muna's Omnibus of Brilliant Darkness {god gift}
 58482 | Snake:2  | Reached skill level 10 in Fighting
 58691 | Snake:2  | Noticed a nagaraja
 59394 | Snake:2  | Noticed Roxanne
 59964 | D:15     | Entered Level 15 of the Dungeon
 60957 | D:15     | Found a staircase to the Depths.
 61308 | D:15     | Learned a level 4 spell: Summon Lightning Spire
 62158 | Shoals:1 | Entered Level 1 of the Shoals
 62638 | Shoals:1 | Found Jofak's Firing Range.
 62649 | Shoals:1 | Bought a throwing net for 54 gold pieces
 63879 | Shoals:2 | Noticed Ilsuiw
 64451 | Shoals:2 | Noticed Louise
 66444 | Shoals:2 | Killed Louise
 67194 | Shoals:2 | Reached XP level 17. HP: 113/129 MP: 21/32
 67391 | Shoals:2 | Identified the +10 long sword of Lamouwyu {holy, +Blink
                  | MP+9 SInv Stlth-}
 67401 | Shoals:2 | Killed Ilsuiw
 67404 | Shoals:2 | Found a transporter.
 67404 | Shoals:2 | Found a transporter.
 68318 | Shoals:2 | Found a transporter.
 68318 | Shoals:2 | Found a transporter.
 68405 | Shoals:2 | Noticed Wjakstry's ghost (adept MiBe)
 68497 | Shoals:2 | Received a gift from Sif Muna
 68498 | Shoals:2 | Got Sif Muna's Quarto of Points and Air {god gift}
 68521 | Shoals:2 | Noticed a kraken
 69020 | Shoals:2 | Reached skill level 15 in Ranged Weapons
 71862 | Shoals:4 | Entered Level 4 of the Shoals
 72439 | Shoals:4 | Reached skill level 1 in Earth Magic
 77568 | Shoals:4 | Paralysed by a formless jellyfish for 1 turns
 78044 | Shoals:4 | Reached XP level 18. HP: 138/138 MP: 34/34
 78339 | Shoals:4 | Identified the +2 quarterstaff "Zeomomes" {flame, rElec
                  | Will+ Int+2 Dex+2}
 78418 | Shoals:4 | Got a barnacled rune of Zot
 79957 | Snake:1  | Learned a level 5 spell: Irradiate
 81184 | Snake:2  | Killed Roxanne
 82486 | Snake:3  | Reached skill level 16 in Ranged Weapons
 84055 | Snake:4  | Entered Level 4 of the Snake Pit
 86074 | Snake:4  | Reached skill level 10 in Conjurations
 86349 | Snake:4  | Found Qeharawn's Gadget Gallery.
 86356 | Snake:4  | Bought a lightning rod (4/4) for 520 gold pieces
 86356 | Snake:4  | Bought a tin of tremorstones (2/2) for 520 gold pieces
 86928 | Snake:4  | Reached skill level 5 in Summonings
 87871 | Snake:4  | Received a gift from Sif Muna
 87872 | Snake:4  | Got Sif Muna's Spellbook of Breath {god gift}
 88163 | Snake:4  | Noticed Vashnia
 88264 | Snake:4  | Killed Vashnia
 88803 | Snake:4  | Got a serpentine rune of Zot
 88962 | Snake:4  | Reached XP level 19. HP: 145/145 MP: 21/36
 89467 | Lair:1   | Learned a level 5 spell: Freezing Cloud
 90670 | Elf:1    | Reached skill level 1 in Armour
 90679 | Elf:1    | Paralysed by an air elemental for 1 turns
 90682 | Elf:1    | Paralysed by an air elemental for 1 turns
 91559 | Elf:1    | Noticed Norris
 91591 | Elf:1    | Killed Norris
 91858 | Elf:1    | Reached skill level 17 in Ranged Weapons
 92052 | Elf:1    | Paralysed by an air elemental for 1 turns
 92054 | Elf:1    | Paralysed by an air elemental for 1 turns
 92057 | Elf:1    | Paralysed by an air elemental for 1 turns
 92546 | Elf:1    | Got Izoad's Precepts of Leadership
 93202 | Elf:2    | Found Gochef's Jewellery Emporium.
 93203 | Elf:2    | Found Eco Tia's General Store.
 93203 | Elf:2    | Found Tukhoat's Antique Armour Shoppe.
 93566 | Elf:2    | Found Eklobick's Antique Armour Shoppe.
 93583 | Elf:2    | Bought a potion of curing for 54 gold pieces
 93583 | Elf:2    | Bought a scroll of enchant weapon for 135 gold pieces
 93674 | Elf:2    | Found Aqinei's Antique Armour Boutique.
 94257 | Elf:2    | Bought a dazzling cloak for 237 gold pieces
 94257 | Elf:2    | Identified the +2 cloak of Negligence {Str+5} (You bought
                  | it in a shop on level 2 of the Elven Halls)
 94349 | Elf:3    | Entered Level 3 of the Elven Halls
 94349 | Elf:3    | Found Ocuf's Jewellery Shoppe.
 94570 | Elf:3    | Identified the +1 robe "Zatt" {rC++ Str+5 Int-5}
 94710 | Elf:3    | Identified the serpent talisman of Xitor {rN+ rCorr Str-2
                  | Int+3}
 94710 | Elf:3    | Noticed Aizul
 94736 | Elf:3    | HP: 4/146 [Aizul/bolt of poison (30)]
 94745 | Elf:3    | Killed Aizul
 94945 | Elf:3    | Found a magical portal.
 95001 | Elf:3    | Found Vixtudem's Magic Scroll Boutique.
 95004 | Elf:3    | Found Dywoy's Distillery.
 95031 | Elf:3    | Received a gift from Sif Muna
 95047 | Elf:3    | Bought a potion of heal wounds for 100 gold pieces
 95047 | Elf:3    | Bought a potion of magic for 160 gold pieces
 95047 | Elf:3    | Bought a potion of curing for 60 gold pieces
 95047 | Elf:3    | Bought a potion of ambrosia for 160 gold pieces
 95047 | Elf:3    | Bought a potion of curing for 60 gold pieces
 96051 | Elf:3    | Identified the +2 kite shield "Hero's Friend" {Will+}
 96218 | Elf:3    | Identified the amulet of Plog {Spirit -Tele Rampage Fly
                  | rC+}
 96372 | Elf:3    | Identified the +7 mace of Fury {drain, Int+4 Stlth+}
 96372 | Elf:3    | Identified the +0 scale mail of the Game Afoot {Regen+}
 96375 | Elf:3    | Reached XP level 20. HP: 147/153 MP: 33/38
 96885 | Elf:3    | Identified the +3 falchion "Moupt" {flame, rC++ Str+3}
 96973 | Elf:3    | Identified the +5 spear of Conscience {heavy, rElec rN+
                  | Int-3 Stlth+}
 96973 | Elf:3    | Identified the ring of Virtue {rElec Str+3 Dex+6}
 96992 | Elf:3    | Reached skill level 1 in Ice Magic
 97060 | Elf:3    | Identified the ring of the Endless Expanse {Wiz rPois}
 97066 | Elf:3    | Identified the +1 trident "Lin Lih" {pain, Stlth+}
 97322 | Elf:3    | Noticed a Brimstone Fiend
 97363 | Elf:3    | HP: 7/153 [deep elf high priest/a malign offering (25)]
 97900 | Elf:3    | Identified the staff "Killer Bee's Death" {rC+ Int+4 Dex+4
                  | Earth}
 97913 | Elf:3    | Got the Atlas of the Earth
 98437 | Slime:1  | Entered Level 1 of the Pits of Slime
 99093 | Slime:1  | Gained mutation: Your body sometimes deteriorates upon
                  | taking damage. [a shining eye]
 99798 | Slime:1  | Gained mutation: You are occasionally teleported next to
                  | monsters. [a shining eye]
100630 | D:12     | Killed unlimited1921's ghost
101781 | Depths:1 | Entered Level 1 of the Depths
101812 | Depths:1 | Found a one-way gate to the infinite horrors of the Abyss.
101826 | Depths:1 | Found a gateway to Hell.
101877 | Depths:1 | Identified the +3 leather armour "Huter" {rC+ Str+3}
102256 | Depths:1 | Mangled by a sphinx simulacrum

Illustrated notes

Levels and vault maps discovered:
D:1:      giann_bridges, layout_loops_ring
D:2:      layout_rooms, kennysheep_generic_room_2, uniq_sigmund
D:3:      layout_loops_corners
D:4:      layout_gridville, mainiacjoe_overflow_surrounded_room,
          jmf_multi_god_temple2, mainiacjoe_ossuary_entry_dusty_tomb,
          st_stairs_4, minmay_goblin_outpost, uniq_grinder, uniq_robin,
          uniq_edmund
D:5:      layout_loops_ring, minmay_temple_entry_statues_pillars, uniq_menkaure
D:6:      layout_layer_cave, nicolae_sif_muna_condensation,
          uniq_crazy_yiuf_cottage
D:7:      layout_layer_cave, mainiacjoe_overflow_brackets, kennysheep_mini,
          minmay_misc_feat_x, uniq_maurice, uniq_maggie
D:8:      layout_loops_ring, uniq_psyche
D:9:      dpeg_index_elf_rogue_hall, layout_irregular_city, enter_bailey_3
D:10:     layout_cave_pools, grunt_qazlal_sundering, minmay_crystal_room,
          nicolae_figureground_pulse, uniq_joseph, uniq_snorg
D:11:     layout_rooms, erik_lair_dragon, uniq_grum
D:12:     layout_rooms, hiddenorc2_lemuel, gauntlet_entry_generic,
          biasface_ghost_orc_armoury, chequers_big_river
D:13:     layout_layer_cave, serial_shops, nicolae_square_shop, serial_ice,
          serial_ice_k, serial_ice_o, serial_ice_g, serial_ice_c, serial_ice_f,
          serial_ice_a, serial_ice_d, serial_ice_h, serial_ice_n, serial_ice_m,
          nicolae_ashenzari_skybound, uniq_jorgrun
D:14:     layout_basic, ximxim_vaults_locker_room, hangedman_weighted_door,
          pdpol_wu_jian_five_deadly_venoms
D:15:     grunt_enter_depths_giant_problem, layout_rooms
Temple:   regret_index_temple_waves
Lair:1:   layout_cave_pods, dpeg_stationary_puzzle, grunt_megastairs_1,
          infiniplex_staircase_pool, uniq_sonja
Lair:2:   layout_gridlike, elwin_shoals_entry_rooms, uniq_erica, uniq_harold,
          uniq_fannar
Lair:3:   layout_roguey, minmay_snake_entry_guardpost_small
Lair:4:   layout_loops_ring, minmay_slime_entry_jelly_boxes, serial_bayou_pond_d
Lair:5:   cheibrodos_lair_end_hotspot, layout_long_grid, uniq_kirke
Shoals:1: layout_shoals, nicolae_shop_firing_range
Shoals:2: gammafunk_sealed_arena, layout_shoals, ebering_ghost_davey_jones,
          portal_ice_cave_entry_ice_simulacra, uniq_louise, uniq_ilsuiw
Shoals:3: layout_shoals, nicolae_shoals_nautilus_by_nature
Shoals:4: shoals_end_grunt_ice, layout_shoals, nicolae_shoals_loop_pool
Snake:1:  layout_rooms, uniq_donald
Snake:2:  layout_grid_shapes, grunt_megastairs_3, uniq_roxanne
Snake:3:  layout_chambers, special_room, nicolae_snake_salamander_stairs
Snake:4:  johnstein_snake_rune_scales, layout_basic, serial_bayou_pond_b,
          nicolae_shop_gadgets
Slime:1:  layout_caves
Orc:1:    layout_caves, basic_altar, nicolae_orc_pool_cavern,
          minmay_orc_temple_b
Orc:2:    st_orc_open, layout_caves, serial_shops, shop_coins
Elf:1:    nicolae_elf_arrival_no_cutting_in_line, layout_onion_city,
          minmay_elf_demonology, uniq_norris
Elf:2:    nicolae_elf_blades_splatter_lattice
          [nicolae_vaults_blade_armed_guards], layout_gridlike, serial_shops,
          shop_statue, serial_sigils_hangedman_shear, minmay_shoptagon
Elf:3:    minmay_elf_hall_not_hex, layout_loops_ring, serial_shops,
          nicolae_square_shop, shop, shop, mu_enter_wizlab_1, uniq_aizul
Depths:1: layout_gridville, enter_ziggurat_e, abyss_entry,
          serial_sigils_hangedman_leer, pf_dread_powers_of_hell,
          serial_sigils_hangedman_shear, nicolae_ru_sacrificial_ziggurat

Skill      XL: |  1  2  3  4  5  6  7  8  9 10 11 12 13 14 15 16 17 18 19 20 |
---------------+-------------------------------------------------------------+-----
Short Blades   | 1 |  1.5
Fighting       | 1 2 3 4 5 6 7 8 9 10 11 12 | 12.4
Throwing       | 1 2 3 4 |  4.0
Spellcasting   | 4 5 6 7 8 9 10 11 12 13 14 | 14.6
Conjurations   | 2 3 4 5 6 7 8 9 10 11 | 11.0
Polearms       | 2 4 5 6 8 |  8.1
Dodging        | 3 4 5 6 7 8 |  8.8
Air Magic      | 1 2 3 4 5 6 7 8 9 |  9.6
Alchemy        | 1 2 3 4 5 6 |  6.2
Ranged Weapons | 2 3 5 7 9 11 12 13 14 15 16 17 | 17.8
Stealth        | 3 4 5 6 |  6.4
Translocations | 2 3 4 6 7 8 |  8.4
Hexes          | 1 2 3 |  3.6
Evocations     | 1 2 3 |  3.7
Long Blades    | 2 4 5 7 8 |  8.5
Summonings     | 2 3 5 6 |  6.1
Maces & Flails | 1 2 |  2.5
Earth Magic    | 1 2 3 |  3.0
Armour         | 2 3 |  3.3
Ice Magic      | 1 |  1.1

Action                     |  1- 3 |  4- 6 |  7- 9 | 10-12 | 13-15 | 16-18 | 19-21 || total
---------------------------+-------+-------+-------+-------+-------+-------+-------++-------
  Melee: Dagger            |     8 |       |       |       |       |       |       ||     8
         Rapier            |    57 |    17 |       |       |       |       |       ||    74
         Punch             |     1 |       |       |       |       |       |       ||     1
         Halberd           |       |   173 |   224 |    48 |       |     9 |       ||   454
         Great sword       |       |       |    17 |   192 |   231 |    89 |     1 ||   530
         Morningstar       |       |       |       |       |    41 |       |       ||    41
         Longbow           |       |       |       |       |     1 |       |       ||     1
         Great mace        |       |       |       |       |       |    29 |     1 ||    30
         Long sword        |       |       |       |       |       |       |     4 ||     4
         Triple sword      |       |       |       |       |       |       |     4 ||     4
   Fire: Sling             |       |       |    94 |    31 |       |       |       ||   125
         Shortbow          |       |       |       |   234 |       |       |       ||   234
         Longbow           |       |       |       |   362 |  1345 |  1303 |   502 ||  3512
  Throw: Boomerang         |       |    20 |    40 |    16 |       |       |       ||    76
         Dart              |       |     4 |       |       |    12 |    14 |    12 ||    42
         Throwing net      |       |       |       |       |     3 |     8 |       ||    11
   Cast: Magic Dart        |    31 |    34 |     9 |    10 |     7 |     5 |       ||    96
         Call Imp          |     7 |     9 |     2 |       |     1 |     2 |       ||    21
         Mephitic Cloud    |       |     3 |    19 |    91 |   198 |   134 |    58 ||   503
         Blink             |       |    15 |    11 |     3 |    22 |    16 |    12 ||    79
         Slow              |       |       |     7 |     6 |    30 |    20 |       ||    63
         Iskenderun's Myst |       |       |       |    35 |   331 |   296 |    97 ||   759
         Tukima's Dance    |       |       |       |     1 |     1 |       |       ||     2
         Call Canine Famil |       |       |       |       |     6 |       |       ||     6
         Airstrike         |       |       |       |       |    43 |    27 |     4 ||    74
         Arcjolt           |       |       |       |       |     1 |       |       ||     1
         Stone Arrow       |       |       |       |       |       |   199 |    29 ||   228
         Summon Lightning  |       |       |       |       |       |   149 |    61 ||   210
         Summon Forest     |       |       |       |       |       |     4 |       ||     4
         Freezing Cloud    |       |       |       |       |       |       |    16 ||    16
 Invoke: Forget Spell      |       |       |       |       |       |     1 |     1 ||     2
  Evoke: Wand              |       |       |    17 |    30 |    37 |    22 |     9 ||   115
         Box of beasts     |       |       |       |       |     2 |     1 |     1 ||     4
         Lightning rod     |       |       |       |       |       |     3 |     4 ||     7
         Tin of tremorston |       |       |       |       |       |       |     2 ||     2
    Use: Potion            |       |     1 |     3 |     5 |    20 |     7 |     9 ||    45
         Scroll            |       |     9 |     7 |    12 |    11 |    11 |    16 ||    66
   Stab: Distracted        |     1 |     1 |       |       |       |     1 |       ||     3
         Sleeping          |     1 |     2 |     1 |       |       |       |       ||     4
         Confused          |       |     1 |     8 |    22 |    12 |     2 |     1 ||    46
         Paralysed         |       |       |     6 |       |       |       |       ||     6
 Armour: Robe              |    36 |    78 |   136 |    23 |       |       |       ||   273
         Steam dragon scal |       |       |       |   253 |   665 |   684 |       ||  1602
         Leather armour    |       |       |       |       |       |       |   306 ||   306
  Dodge: Dodged            |    57 |    99 |   137 |   255 |   628 |   584 |   241 ||  2001
